 Dungeon Crawl Stone Soup version 0.26-b1-32-g5d43845318 (webtiles) character file.

Game seed: 2813807789656478709

93 Borgoz the Skirmisher (level 4, 0/40 HPs)
             Began as a Ghoul Fighter on Jan 13, 2021.
             Slain by a centaur (1 damage)
             ... on level 2 of the Dungeon.
             The game lasted 00:01:17 (1368 turns).

Borgoz the Skirmisher (Ghoul Fighter)               Turns: 1368, Time: 00:01:18

Health: 0/40       AC:  6    Str: 18 (19) XL:     4   Next: 61%
Magic:  3/3        EV: 10    Int:  1 (3)  God:
Gold:   162        SH:  4    Dex:  8 (9)  Spells: 3/3 levels left

rFire    . . .     SeeInvis .   a - +0 long sword
rCold    + . .     Faith    .   c - +0 buckler
rNeg     + + +     Spirit   .   b - +0 scale mail
rPois    ∞         Reflect  .   (no helmet)
rElec    .         Harm     .   (no cloak)
rCorr    .         Rampage  .   (no gloves)
Will     .....                  (no boots)
Stlth    ..........             (no amulet)
HPRegen  0.00/turn              (no ring)
MPRegen  0.08/turn              (no ring)

@: no status effects
A: claws 1, cold resistance 1, negative energy resistance 3, inhibited
regeneration, torment resistance, unbreathing
a: no special abilities


You were on level 2 of the Dungeon.
You visited 1 branch of the dungeon, and saw 2 of its levels.

You collected 162 gold pieces.

Inventory:

Hand Weapons
 a - a +0 long sword (weapon)
Armour
 b - a +0 scale mail (worn)
 c - a +0 buckler (worn)
Scrolls
 e - 2 scrolls of identify {unknown}
 g - a scroll of blinking {unknown}
 i - 2 scrolls of immolation {unknown}
 j - 3 scrolls of magic mapping {unknown}
Potions
 d - a potion of might
 f - a potion of degeneration
 h - a potion of magic {unknown}
 k - a potion of lignification {unknown}
 l - a potion of brilliance {unknown}


   Skills:
 + Level 3.6 Fighting
 * Level 2.7 Long Blades
 + Level 3.0 Armour
 * Level 1.7 Dodging
 + Level 3.0 Shields


You had 3 spell levels left.
You didn't know any spells.
Your spell library was empty.

Dungeon Overview and Level Annotations

Branches:
Dungeon (2/15)

Altars:


Innate Abilities, Weirdness & Mutations

You thrive by killing the living.
You are immune to poison.
You have sharp fingernails.
Your flesh is cold resistant. (rC+)
You are immune to negative energy. (rN+++)
You do not regenerate when monsters are visible.
You are immune to unholy pain and torment.
You can survive without breathing.


Message History

You are too injured to fight recklessly!
You barely miss the centaur. The centaur hits you.
The centaur barely misses you.
You hit the centaur but do no damage. The centaur hits you!
* * * LOW HITPOINT WARNING * * *
The centaur closely misses you.
You closely miss the centaur.
The centaur hits you but does no damage.
You hit the centaur.
The centaur is lightly wounded.
The centaur hits you.
* * * LOW HITPOINT WARNING * * *
The centaur hits you but does no damage.
It was a potion of degeneration.
There was something very wrong with that liquid.
You feel weakened.
You feel dopey.
You feel clumsy. The centaur hits you.
* * * LOW HITPOINT WARNING * * *
The centaur hits you.
You die...

........#####
######..
##...##..##
........ ##.#
##..# #.....# #'
##.# #.....## .
##.# #......##.
##..# #.......##
##..##
#........##
##..##
#..c@.((.(###..##
#######.......##
##......#
##############
#....... #.......
#..##..# #'######
#.).#..#


You could see a centaur.

Vanquished Creatures
  Terence (D:2)
  A gnoll (D:1)
  An adder (D:2)
  An ooze (D:2)
  A worm (D:2)
  2 dart slugs (D:2)
  5 giant cockroaches (D:1)
  4 goblins
  4 hobgoblins
  A ball python (D:2)
  7 bats
  5 frilled lizards
  3 kobolds
  7 rats
43 creatures vanquished.

Notes
Turn   | Place    | Note
-------+----------+-------------------------------------------
     0 | D:1      | Borgoz the Ghoul Fighter began the quest for the Orb.
     0 | D:1      | Reached XP level 1. HP: 19/19 MP: 0/0
   152 | D:1      | Reached XP level 2. HP: 26/26 MP: 1/1
   224 | D:1      | Reached XP level 3. HP: 28/31 MP: 2/2
   307 | D:1      | Reached skill level 1 in Dodging
   669 | D:2      | Noticed Terence
   681 | D:2      | Killed Terence
   682 | D:2      | Reached XP level 4. HP: 17/39 MP: 3/3
  1359 | D:2      | Noticed a centaur
  1368 | D:2      | HP: 1/40 [centaur (3)]
  1368 | D:2      | Slain by a centaur

Illustrated notes

Levels and vault maps discovered:
D:1:      eino_arrival_druids_welcome, layout_basic, minmay_parallelograms
D:2:      minmay_chambers_of_twos, layout_basic, nemelex_lonely_heart_becter,
          uniq_terence

Skill      XL: |  1  2  3  4 |
---------------+-------------+-----
Long Blades    | 2 |  2.7
Dodging        | 1 |  1.7
Shields        | 3 |  3.0
Armour         | 3 |  3.0
Fighting       | |  3.6

Action                   |  1- 3 |  4- 6 || total
-------------------------+-------+-------++-------
Melee: Long sword        |    61 |    58 ||   119
  Use: Potion            |       |     1 ||     1
Armor: Scale mail        |    25 |    25 ||    50
Dodge: Dodged            |    18 |    31 ||    49
Block: Kite shield       |    31 |     2 ||    33
       Buckler           |       |    10 ||    10
       Rpst.: Long sword |     9 |     7 ||    16
